 Dungeon Crawl Stone Soup version 0.27-a0-1500-g450c7e4133 (webtiles) character file.

Game seed: 5623791042786455751

65 Spaninq the Magician (level 4, 0/31 HPs)
             Began as a Djinni Hedge Wizard on July 7, 2021.
             Slain by a gnoll (8 damage)
             ... on level 3 of the Dungeon.
             The game lasted 00:06:54 (3104 turns).

Spaninq the Magician (Djinni Hedge Wizard)          Turns: 3104, Time: 00:06:54

Health: 0/31       AC:  3    Str:  9    XL:     4   Next: 34%
Gold:   134        EV: 12    Int: 16    God:
                   SH:  0    Dex: 13

rFire    + + .     SeeInvis .   k - +2 short sword (venom)
rCold    x . .     Faith    .   (no shield)
rNeg     . . .     Spirit   .   b - +0 robe
rPois    ∞         Reflect  .   c - +0 hat
rElec    .         Harm     .   g - +0 cloak
rCorr    .         Rampage  .   (no gloves)
Will     .....                  (boots unavailable)
Stlth    ++........             (no amulet)
HPRegen  0.10/turn              (no ring)
MPRegen  0.00/turn              (no ring)

@: flying
A: sickness immunity, fire resistance 2, cold vulnerability 1, float, innate
caster, hp casting, extra vitality 1
a: no special abilities


You were on level 3 of the Dungeon.
You visited 1 branch of the dungeon, and saw 3 of its levels.

You collected 134 gold pieces.

Inventory:

Hand Weapons
 k - a +2 short sword of venom (weapon)
Missiles
 j - 41 stones
Armour
 b - a +0 robe (worn)
 c - a +0 hat (worn)
 g - a +0 cloak (worn)
 p - a +0 buckler
Magical Staves
 l - a staff of poison
Scrolls
 a - a scroll of amnesia {unknown}
 i - 3 scrolls of immolation
 m - a scroll of magic mapping
 n - a scroll of fear {unknown}
Potions
 d - a potion of resistance {unknown}
 e - a potion of lignification {unknown}
 f - a potion of curing {unknown}
 h - a potion of might {unknown}
 o - a potion of flight {unknown}


   Skills:
 - Level 2.1 Dodging
 - Level 1.5 Stealth
 + Level 0.6 Shields
 * Level 3.7 Spellcasting


You couldn't memorise any spells.
You knew the following spells:

 Your Spells              Type           Power      Damage    Failure   Level
a - Magic Dart            Conj           56%        1d5       3%          1
b - Blink                 Tloc           N/A        N/A       5%          2
c - Call Imp              Summ           14%        N/A       5%          2
d - Slow                  Hex            14%        N/A       5%          2
e - Conjure Flame         Conj/Fire      14%        6-21      11%         3
f - Mephitic Cloud        Conj/Pois/Air  14%        N/A       11%         3
g - Foxfire               Conj/Fire      56%        2x1d6     3%          1
Your spell library was empty.

Dungeon Overview and Level Annotations

Branches:
Dungeon (3/15)

Altars:
Dithmenos

Shops:
D:1 =


Innate Abilities, Weirdness & Mutations

You are immune to sickness and miasma.
You are immune to poison.
Your flesh is very heat resistant. (rF++)
You are vulnerable to cold. (rC-)
You float through the air rather than walking.
You learn spells naturally, not from books.
Your magical power is your life essence.
You have superior vitality. (+4 HP)


Message History

Casting: Foxfire (safe; 3% risk of failure)
Confirm with . or Enter, or press ? or * to list all spells.
You conjure some foxfire!
The foxfire hits the gnoll.
The gnoll is moderately wounded.
The foxfire hits the gnoll.
The gnoll is moderately wounded.
Casting: Foxfire (safe; 3% risk of failure)
Confirm with . or Enter, or press ? or * to list all spells.
You conjure some foxfire!
The gnoll barely misses you.
The foxfire hits the gnoll but does no damage.
The gnoll is moderately wounded.
The foxfire hits the gnoll but does no damage.
The gnoll is moderately wounded.
The gnoll barely misses you.
Casting: Foxfire (safe; 3% risk of failure)
Confirm with . or Enter, or press ? or * to list all spells.
You conjure some foxfire!
The gnoll hits you with a +0 flail of protection!
The foxfire hits the gnoll.
The gnoll is heavily wounded.
The foxfire hits the gnoll but does no damage.
The gnoll is heavily wounded.
The gnoll hits you with a +0 flail of protection.
Casting: Foxfire (safe; 3% risk of failure)
Confirm with . or Enter, or press ? or * to list all spells.
You conjure some foxfire!
The gnoll hits you with a +0 flail of protection.
* * * LOW HITPOINT WARNING * * *
The foxfire hits the gnoll.
The gnoll is severely wounded.
The foxfire hits the gnoll but does no damage.
The gnoll is severely wounded.
The gnoll closely misses you.
Casting: Foxfire (safe; 3% risk of failure)
Confirm with . or Enter, or press ? or * to list all spells.
You conjure some foxfire!
* * * LOW HITPOINT WARNING * * *
The gnoll hits you with a +0 flail of protection!
You die...

... ####.#..#
#####.......
#.....#..#.#
#.........)
#..#..#.#)#
###.......gv#
.....#.#§#@v###.#
#...#
#......§§.......
8...8
##.##..#.#.#..#.
#...#
#..............
#...#
##.######.#.# #
#...##
#..#####.....
8...8#
##...........#
#...####
###.########...
#...##8###8#.# ..


You could see a gnoll (ally target).

Vanquished Creatures
  2 gnolls (D:3)
  A worm (D:2)
  2 dart slugs (D:2)
  A ball python (D:2)
  6 endoplasms
  2 giant cockroaches (D:2)
  3 goblins
  3 hobgoblins
  4 jackals
  4 kobolds
  3 bats
  5 rats
36 creatures vanquished.

Vanquished Creatures (others)
  73 foxfires
73 creatures vanquished.

Grand Total: 109 creatures vanquished

Notes
Turn   | Place    | Note
-------+----------+-------------------------------------------
     0 | D:1      | Spaninq the Djinni Hedge Wizard began the quest for the
                  | Orb.
     0 | D:1      | Reached XP level 1. HP: 15/15 MP: 0/0
   415 | D:1      | Reached XP level 2. HP: 20/21 MP: 0/0
   732 | D:1      | Found Deziock's Jewellery Boutique.
   952 | D:2      | Reached skill level 3 in Spellcasting
  1282 | D:2      | Reached XP level 3. HP: 14/25 MP: 0/0
  1282 | D:2      | Learned a level 1 spell: Foxfire
  2571 | D:3      | Found a shadowy altar of Dithmenos.
  2640 | D:3      | Found a faded altar of an unknown god.
  3092 | D:3      | Reached XP level 4. HP: 29/31 MP: 0/0
  3104 | D:3      | Slain by a gnoll

Illustrated notes

Levels and vault maps discovered:
D:1:      dpeg_arrival_simpleton_c, layout_loops_ring, serial_shops, shop
D:2:      layout_loops_ring, minivault_14
D:3:      minmay_chambers_of_threes, layout_basic,
          grunt_dithmenos_smoke_and_mirrors,
          hellmonk_ecumenical_altar_arch_garden, serial_corexii_hall,
          corexii_hall_statues_x, chequers_hall_statues_y,
          corexii_hall_statues_u, corexii_hall_statues_deadend,
          corexii_hall_statues_x, corexii_hall_statues_deadend, minivault_26,
          hangedman_decor_points

Skill      XL: |  1  2 |
---------------+-------+-----
Spellcasting   | 3 |  3.7
Dodging        | |  2.1
Stealth        | |  1.5
Shields        | |  0.6

Action                   |  1- 3 |  4- 6 || total
-------------------------+-------+-------++-------
Melee: Dagger            |     4 |       ||     4
 Cast: Magic Dart        |    45 |       ||    45
       Foxfire           |    41 |     7 ||    48
  Use: Scroll            |     3 |       ||     3
Armor: Robe              |     6 |     1 ||     7
Dodge: Dodged            |    14 |     3 ||    17

Table legend: (Time is in decaauts)
 A = Elapsed time spent in this place.
 B = Non-inter-level travel time spent in this place.
 C = Inter-level travel time spent in this place.
 D = Time resting spent in this place.
 E = Time spent auto-exploring this place.
 F = Levels seen in this place.
 G = Mean time per level.
                   A        B        C        D        E       F      G
               +--------+--------+--------+--------+--------+-----+--------+
         Total |   3104 |   3017 |     87 |    405 |   2260 |   3 | 1034.7 |
       Dungeon |   3104 |   3017 |     87 |    405 |   2260 |   3 | 1034.7 |
               +--------+--------+--------+--------+--------+-----+--------+

Top non-repeatable levels by time:
     D:2: 1579 daAuts
     D:1: 986 daAuts
     D:3: 537 daAuts
